 Dungeon Crawl Stone Soup version 0.28.0-47-ge53b351184 (webtiles) character file.

Game seed: 3500155571821984792

10 101zpm the Magician (level 2, -4/21 HPs)
             Began as a Djinni Ice Elementalist on Apr 26, 2022.
             Slain by an iguana (12 damage)
             ... on level 2 of the Dungeon.
             The game lasted 00:01:00 (400 turns).

101zpm the Magician (Djinni Ice Elementalist)        Turns: 400, Time: 00:01:01

Health: -4/21      AC:  2    Str:  7    XL:     2   Next: 30%
Gold:   0          EV: 12    Int: 16    God:
                   SH:  0    Dex: 13

rFire   + + .      SeeInvis .   b - +1 spear (vamp)
rCold   x . .      Faith    .   (no shield)
rNeg    . . .      Spirit   .   a - +0 robe
rPois   ∞          Reflect  .   (no helmet)
rElec   .          Harm     .   (no cloak)
rCorr   .          Rampage  .   (no gloves)
Will    .....                   (boots unavailable)
Stlth   ++........              (no amulet)
HPRegen 0.07/turn               (no ring)
MPRegen 0.00/turn               (no ring)

@: flying
A: sickness immunity, fire resistance 2, cold vulnerability 1, float, innate
caster, HP casting, extra vitality 1
a: no special abilities


You were on level 2 of the Dungeon.
You visited 1 branch of the dungeon, and saw 2 of its levels.

Inventory:

Hand Weapons
 b - a +1 vampiric spear (weapon)
Armour
 a - a +0 robe (worn)
Potions
 c - 3 potions of curing {unknown}
 d - a potion of cancellation {unknown}


   Skills:
 + Level 0.2 Fighting
 + Level 0.3 Polearms
 + Level 2.3 Dodging
 + Level 1.6 Stealth
 + Level 3.4 Spellcasting


You couldn't memorise any spells.
You knew the following spells:

 Your Spells              Type           Power      Damage    Failure   Level
a - Freeze                Ice            52%        1d7       4%          1
b - Frozen Ramparts       Ice            26%        1d4       13%         3
c - Ozocubu's Armour      Ice            13%        N/A       13%         3
d - Hailstorm             Conj/Ice       13%        3d5       38%         4
Your spell library was empty.

Dungeon Overview and Level Annotations

Branches:
Dungeon (2/15)

Altars:

Shops:
D:2 [


Innate Abilities, Weirdness & Mutations

You are immune to sickness and miasma.
You are immune to poison.
Your flesh is very heat resistant. (rF++)
You are vulnerable to cold. (rC-)
You float through the air rather than walking.
You learn spells naturally, not from books.
Your magical power is your life essence.
You have superior vitality. (+4 MHP)


Message History

The iguana closely misses you.
You hit the iguana but do no damage. You punch the iguana, but do no damage.
The iguana is moderately wounded.
The iguana closely misses you.
You hit the iguana but do no damage.
The iguana is moderately wounded.
The iguana barely misses you.
You closely miss the iguana.
The iguana is moderately wounded.
The iguana barely misses you.
You hit the iguana.
The iguana is heavily wounded.
The iguana barely misses you.
You hit the iguana.
The iguana is heavily wounded.
The iguana bites you!
You barely miss the iguana.
The iguana is heavily wounded.
The iguana misses you.
You completely miss the iguana.
The iguana is heavily wounded.
The iguana closely misses you.
You barely miss the iguana.
The iguana is heavily wounded.
The iguana bites you.
You are too injured to fight recklessly!
You are too injured to fight recklessly!
An iguana is nearby!
You are too injured to fight recklessly!
You are too injured to fight recklessly!
You are too injured to fight recklessly!
Aiming: Freeze (safe; 4% risk of failure)
Press: ? - help, Q - select action Shift-Dir - straight line, f/p - iguana
Aim: an iguana (heavily wounded)
You freeze the iguana.
The iguana is severely wounded.
The iguana seems to slow down.
The iguana bites you!
Ouch! That really hurt!
You die...

†......######..##.##
.......# #........#
.....<^# #........# #
.......# ##........##.#.
......####..............
.#......##.........##.#
.......................
##.......)#........##
#.........##+##@..#
#........## ##l.#
#.......## #..#
#......## .... ###.##.##
).... # #.##..# .#...
####.#..## #...
........# #. #.......##


You could see an iguana (slow).

Vanquished Creatures
  2 endoplasms (D:2)
  A giant cockroach (D:2)
  2 goblins (D:2)
  A hobgoblin (D:2)
  A ball python (D:2)
  A kobold (D:2)
  A rat (D:2)
9 creatures vanquished.

Notes
Turn   | Place    | Note
-------+----------+-------------------------------------------
     0 | D:1      | 101zpm the Djinni Ice Elementalist began the quest for the
                  | Orb.
     0 | D:1      | Reached XP level 1. HP: 15/15 MP: 0/0
   152 | D:2      | Found Giuwn's Armour Emporium.
   160 | D:2      | Reached XP level 2. HP: 11/21 MP: 0/0
   400 | D:2      | Slain by an iguana

Illustrated notes

Levels and vault maps discovered:
D:1:      minmay_arrival_shoal_huts, layout_basic,
          hellmonk_ecumenical_altar_zigzags
D:2:      layout_rooms, serial_shops, shop, grunt_ministairs_7,
          minmay_quadrilaterals

Action                   || total
-------------------------++-------
Melee: Spear             ||    24
       Punch             ||     1
 Cast: Freeze            ||     7
 Stab: Sleeping          ||     1
Armor: Robe              ||     4
Dodge: Dodged            ||    16
